 Dungeon Crawl Stone Soup version 0.28-a0-998-gb9e9c7b67e (webtiles) character file.

Game seed: 12296067280028079376

75 leviel the Skirmisher (level 4, -4/34 HPs)
             Began as an Octopode Fighter on Dec 6, 2021.
             Slain by Terence (9 damage)
             ... on level 3 of the Dungeon.
             The game lasted 00:02:27 (2105 turns).

leviel the Skirmisher (Octopode Fighter)            Turns: 2105, Time: 00:02:28

Health: -4/34      AC:  1    Str: 17    XL:     4   Next: 31%
Magic:  4/4        EV: 13    Int: 10    God:
Gold:   75         SH:  4    Dex: 11    Spells: 3/3 levels left

rFire   . . .      SeeInvis .   a - +0 war axe
rCold   . . .      Faith    .   b - +0 buckler
rNeg    . . .      Spirit   .   (helmet restricted)
rPois   +          Reflect  .   (no amulet)
rElec   .          Harm     .   d - ring of poison resistance
rCorr   .          Rampage  .   (no ring)
Will    .....                   (no ring)
Stlth   ++........              (no ring)
HPRegen 0.11/turn               (no ring)
MPRegen 0.09/turn               (no ring)
                                (no ring)
                                (no ring)

@: mighty, lethally poisoned (-4 -> -9)
A: almost no armour, amphibious, 8 rings, camouflage 1, gelatinous body 1,
(nimble swimmer 1), tentacles
a: no special abilities


You were on level 3 of the Dungeon.
You visited 1 branch of the dungeon, and saw 3 of its levels.

You collected 75 gold pieces.

Inventory:

Hand Weapons
 a - a +0 war axe (weapon)
Missiles
 f - 20 poisoned darts (quivered)
 i - 3 atropa-tipped darts
Armour
 b - a +0 buckler (worn)
Jewellery
 d - a ring of poison resistance (left tentacle)
Scrolls
 e - a scroll of enchant weapon {unknown}
 g - a scroll of identify {unknown}
 j - a scroll of acquirement {unknown}
Potions
 h - a potion of invisibility {unknown}
 k - 2 potions of curing {unknown}


   Skills:
 * Level 4.7 Fighting
 - Level 2.0 Axes
 - Level 3.0 Dodging
 + Level 3.3 Shields


You had 3 spell levels left.
You didn't know any spells.
Your spell library was empty.

Dungeon Overview and Level Annotations

Branches:
Dungeon (3/15)

Altars:
Gozag
Nemelex Xobeh

Annotations:
D:3 Terence


Innate Abilities, Weirdness & Mutations

You cannot wear most types of armour.
You are amphibious.
You can wear up to eight rings at the same time.
Your skin changes colour to match your surroundings (Stealth+).
Your rubbery body absorbs attacks. (AC +1, EV +1)
((You are camouflaged near water. (Stealth+)))
You have tentacles for arms and can constrict up to eight enemies at once.


Message History

(D) Dungeon
Where to? (Enter - D:2, ? - help)
There is a stone staircase leading down here.
You climb downwards.
Found 9 gold pieces.
There is a stone staircase leading up here.
You now have 75 gold pieces (gained 9).
Found a robe.
Found a stone staircase leading down.
You open the door.
Found a sparkling altar of Nemelex Xobeh and an opulent altar of Gozag.
No target in view!
Terence the Incautious comes into view.
He is wielding a +0 flail of venom.
Terence shouts!
There is an open door here.
There is a fountain of sparkling water here.
You hit Terence. You grab Terence.
Terence is lightly wounded.
You constrict Terence, but do no damage.
Terence looks scornfully at you.
Terence hits you with a +0 flail of venom! x2
You are lethally poisoned!
You hit Terence.
Terence is moderately wounded.
You constrict Terence, but do no damage.
* * * LOW HITPOINT WARNING * * *
You feel very sick.
Terence screams, "I'm going to kill you!"
Terence closely misses you.
You feel very mighty all of a sudden.
You constrict Terence, but do no damage.
* * * LOW HITPOINT WARNING * * *
You feel sick. You block Terence's attack.
You slash Terence!
Terence is almost dead.
You constrict Terence.
* * * LOW HITPOINT WARNING * * *
You feel sick. You block Terence's attack.
Terence hits you with a +0 flail of venom!
You die...

####### ##.....#
##..###'###
#..##.....##
#.##...⌠...##
#.#...@.....#
####.#.8.@._.8.#
#....#.........#
#[...##...⌠...##
####..#####.....##
#..>......#######
#.##..##...#.#.####
# #..##..........#
#.......###.##.#


You could see Terence.

Vanquished Creatures
  2 adders (D:2)
  2 dart slugs
  3 ball pythons
  6 endoplasms
  A giant cockroach (D:2)
  11 goblins
  2 jackals (D:2)
  3 quokkas
  6 bats
  3 frilled lizards
  5 kobolds
  5 rats
49 creatures vanquished.

Notes
Turn   | Place    | Note
-------+----------+-------------------------------------------
     0 | D:1      | leviel the Octopode Fighter began the quest for the Orb.
     0 | D:1      | Reached XP level 1. HP: 16/16 MP: 1/1
   247 | D:1      | Reached XP level 2. HP: 21/21 MP: 2/2
   499 | D:1      | Found a faded altar of an unknown god.
   583 | D:1      | Reached skill level 4 in Fighting
  1062 | D:2      | Reached XP level 3. HP: 27/27 MP: 3/3
  1647 | D:2      | Reached XP level 4. HP: 24/34 MP: 4/4
  2097 | D:3      | Found a sparkling altar of Nemelex Xobeh.
  2097 | D:3      | Found an opulent altar of Gozag.
  2098 | D:3      | Noticed Terence
  2105 | D:3      | Slain by Terence

Illustrated notes

Levels and vault maps discovered:
D:1:      saegor_arrival_simple_a, layout_basic,
          shapermc_ecumenical_altar_starsandcircs
D:2:      layout_rooms, hangedman_feature_mirror
D:3:      minmay_roachtagon, layout_loops_cross, grunt_temple_overflow_opulence,
          nicolae_dithmenos_through_a_glass_darkly, uniq_natasha, uniq_ijyb,
          uniq_terence

Skill      XL: |  1  2 |
---------------+-------+-----
Fighting       | 4 |  4.7
Axes           | |  2.0
Dodging        | |  3.0
Shields        | |  3.3

Action                   |  1- 3 |  4- 6 || total
-------------------------+-------+-------++-------
Melee: War axe           |    64 |    24 ||    88
       Constrict         |    13 |     4 ||    17
       Tentacles         |     7 |     2 ||     9
Throw: Dart              |     1 |       ||     1
  Use: Potion            |       |     1 ||     1
 Stab: Sleeping          |     4 |     1 ||     5
Armor: Skin              |     6 |       ||     6
Dodge: Dodged            |    31 |    11 ||    42
Block: Buckler           |     6 |    10 ||    16

Table legend: (Time is in decaauts)
 A = Elapsed time spent in this place.
 B = Non-inter-level travel time spent in this place.
 C = Inter-level travel time spent in this place.
 D = Time resting spent in this place.
 E = Time spent auto-exploring this place.
 F = Levels seen in this place.
 G = Mean time per level.
                   A        B        C        D        E       F      G
               +--------+--------+--------+--------+--------+-----+--------+
         Total |   2140 |   1972 |    168 |    528 |   1131 |   3 |  713.3 |
       Dungeon |   2140 |   1972 |    168 |    528 |   1131 |   3 |  713.3 |
               +--------+--------+--------+--------+--------+-----+--------+

Top non-repeatable levels by time:
     D:1: 1070 daAuts
     D:2: 1012 daAuts
     D:3: 57 daAuts
